 Dungeon Crawl Stone Soup version 0.31-a0-221-gbddc013574 (webtiles) character file.

Game seed: 2128399346348281717

64 qw the Shooter (level 4, -8/26 HPs)
             Began as a Gargoyle Hexslinger on July 4, 2023.
             Killed from afar by Ijyb (21 damage)
             ... with a bolt of light
             ... on level 3 of the Dungeon.
             The game lasted 00:00:38 (1370 turns).

qw the Shooter (Gargoyle Hexslinger)                Turns: 1370, Time: 00:00:38

Health: -8/26      AC:  8    Str: 11    XL:     4   Next: 12%
Magic:  5/5        EV: 10    Int: 14    God:
Gold:   124        SH:  0    Dex: 14    Spells: 4/5 levels left

rFire   . . .        Y - +1 sling (flame)
rCold   . . .        (no shield)
rNeg    + . .        h - +0 ring mail
rPois   inf          (no helmet)
rElec   +            (no cloak)
rCorr   .            (no gloves)
SInv    .            (no boots)
Will    .....        (no amulet)
Stlth   +            (no ring)
HPRegen 0.24/turn    (no ring)
MPRegen 0.09/turn

%: no passive effects
@: no status effects
A: sickness immunity, AC +3, negative energy resistance 1, electricity
resistance, torment resistance 1, petrification resistance
a: no special abilities


You were on level 3 of the Dungeon.
You visited 1 branch of the dungeon, and saw 3 of its levels.

You collected 124 gold pieces.


Innate Abilities, Weirdness & Mutations

You are immune to sickness and miasma.
Your stone body is resilient. (AC +3)
You are immune to poison.
You resist negative energy. (rN+)
You are resistant to electric shocks. (rElec)
You are resistant to unholy torment.
You are immune to petrification.


   Skills:
 - Level 2.3 Fighting
 + Level 3.8 Ranged Weapons
 - Level 1.5 Dodging
 - Level 1.0 Spellcasting
 - Level 2.6 Hexes


You had 4 spell levels left.
You knew the following spells:

 Your Spells              Type           Power      Damage    Failure   Level
a - Slow                  Hex            32%        N/A       22%         1

Your spell library contained the following spells:

 Spells                   Type           Power      Damage    Failure   Level
 Inner Flame              Hex/Fire       4%         N/A       73%         3
 Portal Projectile        Hex/Tloc       8%         N/A       73%         3
 Cause Fear               Hex            4%         N/A       91%         4

Inventory:

Hand Weapons
 Y - a +1 sling of flaming (weapon)
Armour
 h - a +0 ring mail (worn)
Scrolls
 a - 2 scrolls of teleportation
 c - a scroll of identify

Dungeon Overview and Level Annotations

Branches:
Dungeon (3/15)

Altars:

Shops:
D:1 *

Annotations:
D:3 Ijyb


Message History

You climb downwards.
The goblin shouts! x2; You hear a shout!
Found a stone staircase leading down.
There is a stone staircase leading up here.
There are monsters nearby!
Waypoint 2 assigned to D:3.
You shoot a sling bullet. The sling bullet hits the goblin.
The sling bullet burns the goblin.
You kill the goblin!
You shoot a sling bullet.
The sling bullet barely misses the goblin.
You shoot a sling bullet.
The sling bullet barely misses the goblin.
Ijyb the Twisted Goblin comes into view.
She is wielding a +0 dagger and carrying a wand of light (12).
You shoot a sling bullet. The sling bullet hits the goblin.
The sling bullet burns the goblin.
You kill the goblin!
You shoot a sling bullet. The sling bullet barely misses Ijyb.
You shoot a sling bullet. The sling bullet barely misses Ijyb.
You shoot a sling bullet. The sling bullet barely misses Ijyb.
You shoot a sling bullet. The sling bullet misses Ijyb.
Ijyb zaps a wand.
The bolt of light misses you.
You shoot a sling bullet. The sling bullet hits Ijyb.
The sling bullet burns Ijyb.
Ijyb is lightly wounded.
Ijyb zaps a wand.
The bolt of light misses you. Ijyb hits you but does no damage.
You shoot a sling bullet. The sling bullet barely misses Ijyb.
Ijyb hits you but does no damage.
You shoot a sling bullet. The sling bullet hits Ijyb!
The sling bullet burns Ijyb.
Ijyb is heavily wounded.
Ijyb closely misses you.
You shoot a sling bullet.
The sling bullet hits Ijyb but does no damage.
Ijyb is heavily wounded.
Ijyb zaps a wand.
The bolt of light hits you! Ijyb hits you with a +0 dagger.
1370 ||| STAIRDANCE Ijyb zaps a wand.
The bolt of light hits you!!
Ouch! That really hurt!
You die...

.... #... ....
#.># #..#
#.####..####.#
.....)g......#
#@# .........#
#####.##.# #.
.# # .# ). .#
.#


You could see Ijyb.

Vanquished Creatures
  An adder (D:2)
  2 dart slugs
  4 ball pythons
  2 bats (D:2)
  2 endoplasms
  3 giant cockroaches
  12 goblins
  5 hobgoblins
  6 jackals
  2 kobolds
  A quokka (D:1)
  A frilled lizard (D:2)
  2 rats
43 creatures vanquished.

Notes
Turn   | Place    | Note
-------+----------+-------------------------------------------
     0 | D:1      | qw the Gargoyle Hexslinger began the quest for the Orb.
     0 | D:1      | Reached XP level 1. HP: 12/12 MP: 2/2
     0 | D:1      | 0 ||| qw: Version: 0.3-a-40-ge99b1a8
     0 | D:1      | 0 ||| qw: Game counter: 663
     0 | D:1      | 0 ||| qw: Melee chars always use a shield: true
     0 | D:1      | 0 ||| qw: God list: Okawaru
     0 | D:1      | 0 ||| qw: Allow faded altars: false
     0 | D:1      | 0 ||| qw: Do Orc after clearing Dungeon:15 true
     0 | D:1      | 0 ||| qw: Do second Lair branch before Depths: true
     0 | D:1      | 0 ||| qw: Lair rune preference: random
     0 | D:1      | 0 ||| qw: Goals: Normal
     0 | D:1      | 0 ||| PLANNING D:1-11
    76 | D:1      | Found Sysual's General Store.
    93 | D:1      | 93 ||| SHOPLISTING +0 ring mail (56 gold, have 0).
    93 | D:1      | 93 ||| SHOPLISTING potion of haste (140 gold, have 0).
    93 | D:1      | 93 ||| SHOPLISTING scroll of brand weapon (133 gold, have
                  | 0).
    93 | D:1      | 93 ||| SHOPLISTING scroll of identify (28 gold, have 0).
   114 | D:1      | 114 ||| FLEEEEING.
   115 | D:1      | 115 ||| FLEEEEING.
   270 | D:1      | Reached XP level 2. HP: 16/16 MP: 3/3
   463 | D:1      | Reached skill level 3 in Ranged Weapons
   481 | D:1      | 481 ||| UPGRADING to +0 ring mail.
   491 | D:1      | 491 ||| DROPPING +0 robe.
   492 | D:1      | 492 ||| READING 2 scrolls labelled WAMEPL JUOKKIP.
   497 | D:1      | 497 ||| READING scroll labelled QEYGIA ASUIME.
   498 | D:1      | 498 ||| READING scroll labelled AFFISE UKKEELOLOS.
   499 | D:1      | 499 ||| READING scroll labelled ONUDARCHOMY.
   500 | D:1      | 500 ||| DRINKING 2 fuming grey potions.
   539 | D:1      | 539 ||| DROPPING scroll of poison.
   540 | D:1      | 540 ||| DROPPING potion of lignification.
   636 | D:2      | Reached XP level 3. HP: 17/21 MP: 4/4
   875 | D:2      | Reached XP level 4. HP: 26/26 MP: 5/5
  1312 | D:2      | 1312 ||| READING scroll labelled ZAIWAL AVODDI.
  1313 | D:2      | 1313 ||| READING scroll labelled NUALORGH EDUTS.
  1314 | D:2      | 1314 ||| READING scroll labelled HIGACEZ QUAJOBB.
  1332 | D:2      | 1332 ||| DRINKING 2 glowing silvery potions.
  1333 | D:2      | 1333 ||| DRINKING 2 blue potions.
  1334 | D:2      | 1334 ||| DROPPING potion of invisibility.
  1335 | D:2      | 1335 ||| DROPPING potion of magic.
  1360 | D:3      | Noticed Ijyb
  1370 | D:3      | 1370 ||| STAIRDANCE
  1370 | D:3      | Killed from afar by Ijyb

Levels and vault maps discovered:
D:1:      eino_arrival_cavern_a, layout_rooms, serial_shops,
          nicolae_shop_tiny_glass
D:2:      cheibrodos_greedy_goblins, layout_basic, serial_bayou_pond_c,
          minivault_23
D:3:      layout_loops_ring, kennysheep_generic_room_5, uniq_ijyb

Skill      XL: |  1  2 |
---------------+-------+-----
Ranged Weapons | 3 |  3.8
Fighting       | 2 |  2.3
Dodging        | |  1.5
Spellcasting   | |  1.0
Hexes          | |  2.6

Action                     |  1- 3 |  4- 6 || total
---------------------------+-------+-------++-------
   Fire: Sling             |   110 |    29 ||   139
    Use: Scroll            |     4 |     3 ||     7
         Potion            |     1 |     2 ||     3
 Armour: Ring mail         |    32 |     7 ||    39
         Robe              |     6 |       ||     6
  Dodge: Dodged            |    47 |     5 ||    52

Table legend:
 A = Non-vault XP
 B = Vault XP
 C = Vault XP percentage of total XP
 D = Non-vault monster count
 E = Vault monster count
 F = Vault count percentage of total count
                 A         B        C        D         E       F
            +---------+---------+-------+---------+---------+-------
      Total |      69 |      23 |  25.0 |      31 |      12 |  27.9
            +---------+---------+-------+---------+---------+-------
        D:1 |      24 |       0 |   0.0 |      12 |       0 |   0.0
        D:2 |      42 |      23 |  35.4 |      17 |      12 |  41.4
        D:3 |       3 |       0 |   0.0 |       2 |       0 |   0.0
            +---------+---------+-------+---------+---------+-------
